Map: Lightshade LE

Players

llllllllllll - Winner!

  • Race: Terran Terran
  • Spawn Location: 11:00

Cheater 1 (Resources)

  • Race: Zerg Zerg
  • Spawn Location: 5:00

VOD

Have the link to the VOD?

Description

Time

  • Played on: Dec. 15, 2020, 11:52 p.m.
  • Length: 13:37
Show
View Real Time Build Order
Export as new Build Order

llllllllllll Terran - Winner!

Build Orders: Command Center First (CC) 

Get SALT Encoding   

  12  0:00  SCV  
  13  0:12  SCV  
  14  0:17  Supply Depot  
  14  0:24  SCV  
  15  0:38  SCV  
  16  0:50  SCV  
  17  0:58  Command Center  
  17  1:02  SCV  
  18  1:06  Refinery  
  18  1:15  SCV  
  19  1:20  Barracks  
  19  1:27  SCV  
  20  1:35  Barracks  
  20  1:39  SCV  
  21  1:51  SCV  
  22  2:07  Marine, Orbital Command  
  23  2:10  Orbital Command  
  23  2:24  Factory  
  23  2:27  Barracks Reactor, Marine  
  24  2:33  SCV  
  24  2:36  SCV  
  26  2:45  SCV, Marine  
  26  2:48  SCV  
  29  2:54  Command Center  
  29  2:59  SCV  
  29  3:03  SCV, Barracks Tech Lab  
  31  3:10  Supply Depot  
  31  3:13  Hellion x2  
  31  3:14  Barracks Reactor  
  31  3:15  SCV  
  31  3:16  SCV  
  37  3:21  Supply Depot  
  37  3:23  Marine  
  38  3:31  Stimpack, SCV x2  
  40  3:35  Hellion  
  40  3:36  Hellion  
  44  3:44  Supply Depot, Marine  
  44  3:46  SCV x2  
  47  3:49  Refinery  
  47  3:51  Refinery  
  47  3:52  Marine x2  
  49  3:58  SCV x2  
  49  4:02  Hellion  
  53  4:04  Marine  
  53  4:06  Hellion  
  53  4:08  Starport  
  56  4:14  Orbital Command  
  56  4:16  SCV x2  
  58  4:20  Supply Depot  
  58  4:24  Marine x3  
  58  4:28  Hellion  
  58  4:30  Hellion  
  58  4:31  SCV  
  66  4:33  SCV  
  67  4:42  SCV, Engineering Bay  
  67  4:43  Marine, Engineering Bay  
  67  4:45  Marine  
  70  4:46  Marine  
  70  4:49  SCV  
  72  4:54  SCV x2  
  72  4:56  Supply Depot  
  74  5:00  Medivac  
  74  5:01  Medivac, Orbital Command  
  74  5:03  Marine  
  74  5:04  Marine  
  74  5:05  Marine  
  81  5:11  Terran Infantry Weapons Level 1, Terran Infantry Armor Level 1  
  81  5:19  SCV x2, Combat Shield  
  83  5:23  Marine x3  
  83  5:27  SCV  
  87  5:28  Factory Reactor  
  87  5:31  SCV x2  
  89  5:35  Barracks  
  89  5:36  Barracks  
  89  5:38  Barracks  
  89  5:39  SCV  
  89  5:42  Supply Depot  
  90  5:43  SCV  
  90  5:45  Supply Depot  
  90  5:47  Armory  
  91  5:50  SCV  
  91  5:51  SCV  
  93  6:00  Refinery  
  93  6:03  Marine x3  
  93  6:04  Medivac x2, SCV  
  101  6:09  Supply Depot  
  101  6:10  Supply Depot  
  101  6:12  SCV x2  
  101  6:14  Widow Mine x2  
  101  6:16  SCV  
  108  6:24  SCV, Barracks Reactor  
  108  6:25  Barracks Reactor, Barracks Tech Lab, Supply Depot  
  109  6:29  Refinery  
  109  6:30  SCV, Marine x3, Refinery  
  113  6:33  Supply Depot  
  113  6:35  Supply Depot  
  113  6:38  SCV x2  
  113  6:39  Widow Mine  
  119  6:40  Medivac, Widow Mine  
  119  6:43  SCV  
  119  6:44  Marine  
  123  6:47  Medivac  
  123  6:48  Marine x2  
  123  6:49  Supply Depot  
  123  6:51  SCV x2  
  129  6:55  SCV  
  129  6:59  Marine  
  131  7:02  Marine  
  131  7:04  SCV x2  
  131  7:06  Marine  
  131  7:08  Command Center, Terran Infantry Weapons Level 2  
  135  7:10  SCV  
  135  7:12  Terran Infantry Armor Level 2  
  135  7:15  Marine x3  
  137  7:16  SCV  
  137  7:18  Supply Depot  
  137  7:20  Supply Depot  
  140  7:23  Supply Depot  
  140  7:24  Marine x3  
  140  7:27  Widow Mine x2  
  147  7:30  Factory  
  147  7:33  Concussive Shells  
  147  7:34  Marine x3  
  147  7:35  Medivac  
  153  7:37  SCV x2  
  153  7:38  SCV  
  153  7:40  Medivac  
  157  7:45  Supply Depot  
  157  7:46  Supply Depot  
  157  7:48  Marine  
  157  7:49  Marine x4  
  162  7:54  Marine  
  162  7:55  Widow Mine  
  165  7:58  Terran Vehicle And Ship Armor Level 1  
  165  7:59  Marine x2  
  165  8:03  Widow Mine  
  169  8:07  Marauder x2  
  169  8:08  Supply Depot  
  169  8:10  SCV x3  
  169  8:11  Marine x2  
  169  8:12  Marine x2  
  180  8:14  Medivac  
  180  8:19  Medivac  
  184  8:20  Factory Tech Lab  
  184  8:27  Marine  
  184  8:28  Marauder, Widow Mine x2  
  184  8:29  Marauder, Marine  
  194  8:35  Marine  
  194  8:36  Marine  
  196  8:42  Refinery  
  196  8:48  Refinery  
  196  8:49  Drilling Claws  
  196  8:50  Marauder x2  
  179  9:04  Marine x3  
  179  9:05  Marine x3, Thor  
  179  9:07  Medivac x2, Widow Mine x2  
  180  9:11  Marauder x2  
  180  9:13  Planetary Fortress, SCV x3, Starport  
  183  9:23  Marine x6  
  184  9:25  SCV x2  
  184  9:26  SCV  
  184  9:28  Terran Infantry Weapons Level 3  
  183  9:33  Marauder, Marine  
  183  9:34  Terran Infantry Armor Level 3  
  183  9:37  SCV  
  183  9:38  SCV x2  
  169  9:40  Marine  
  169  9:41  Marine x4  
  169  9:43  Command Center  
  169  9:44  Marine  
  169  9:45  Widow Mine  
  176  9:46  Widow Mine  
  176  9:51  Marauder  
  174  9:53  Marine  
  174  9:58  Marine x3, Widow Mine  
  174  10:04  Medivac x2  
  174  10:06  Starport Reactor  
  178  10:11  Marine x2  
  178  10:12  Marauder x2, Widow Mine  
  186  10:18  Barracks  
  186  10:19  Thor  
  186  10:21  Barracks  
  181  10:22  Barracks  
  181  10:23  Marine x4  
  181  10:25  Widow Mine  
  181  10:29  Marine x2  
  181  10:32  Terran Vehicle And Ship Armor Level 2  
  181  10:33  Marauder  
  181  10:34  Medivac x2, Marauder  
  190  10:36  Armory  
  190  10:41  Marine x3, Widow Mine  
  195  10:51  Marine x2  
  195  10:52  Medivac  
  195  10:55  Marauder  
  200  10:57  Refinery  
  200  10:59  Refinery  
  197  11:19  Marine x3  
  197  11:20  Refinery, Sensor Tower  
  197  11:24  Refinery  
  197  11:25  Marine, Command Center  
  199  11:26  Command Center  
  199  11:27  Sensor Tower  
  199  11:48  Marine  
  199  11:49  Barracks Reactor, Barracks Tech Lab x2  
  200  11:58  Starport x2  
  200  12:07  Planetary Fortress, Factory  
  200  12:14  Command Center  
  200  12:15  Command Center  
  200  12:16  Factory  
  200  12:21  Barracks  
  200  12:22  Barracks  
  200  12:24  Barracks  
  200  12:26  Barracks  
  199  12:38  Marine  
  200  13:13  Barracks Tech Lab x2  
  200  13:14  Barracks Reactor  
  200  13:15  Barracks Reactor  
  200  13:17  Starport Reactor, Factory Tech Lab, Starport Tech Lab, Factory Reactor  
  200  13:26  Sensor Tower  
  200  13:34  Sensor Tower  
  200  13:37  Refinery  
Show
View Real Time Build Order
Export as new Build Order

Cheater 1 (Resources) Zerg 

Build Orders: Hatch First, Muta Ling Bane 

Get SALT Encoding   

  12  0:00  Drone  
  13  0:12  Overlord  
  13  0:16  Drone  
  14  0:30  Drone x2  
  14  0:34  Drone  
  17  0:53  Hatchery  
  17  0:55  Drone  
  17  1:11  Spawning Pool  
  17  1:12  Extractor  
  17  1:14  Drone  
  16  1:18  Drone  
  16  1:22  Drone  
  18  1:28  Drone  
  19  1:38  Overlord  
  19  1:49  Drone  
  20  1:58  Queen  
  20  2:00  Zergling x2  
  23  2:04  Queen  
  23  2:05  Drone  
  26  2:10  Drone  
  27  2:23  Roach Warren  
  27  2:24  Extractor  
  27  2:26  Drone  
  27  2:29  Drone  
  27  2:35  Overlord  
  27  2:38  Drone  
  27  2:41  Drone  
  29  2:44  Drone  
  29  2:48  Drone  
  31  2:53  Drone  
  32  2:58  Zergling x2  
  32  3:05  Roach x2, Zergling x2  
  36  3:10  Roach  
  40  3:13  Roach  
  40  3:16  Drone  
  40  3:18  Drone  
  44  3:23  Overlord  
  44  3:31  Lair  
  44  3:36  Metabolic Boost  
  44  3:42  Drone x2  
  44  3:45  Drone  
  44  3:47  Drone  
  48  3:49  Drone  
  48  3:51  Drone  
  48  3:53  Drone  
  51  3:58  Overlord  
  51  4:01  Drone  
  52  4:06  Drone, Evolution Chamber  
  52  4:09  Evolution Chamber  
  52  4:10  Drone  
  52  4:16  Drone x2  
  54  4:17  Drone  
  54  4:19  Drone  
  54  4:20  Drone  
  54  4:22  Drone  
  58  4:32  Zerg Missile Weapons Level 1, Overlord  
  58  4:33  Drone, Infestation Pit  
  58  4:35  Zerg Ground Armor Level 1  
  58  4:36  Overlord  
  58  4:37  Drone  
  59  4:39  Zergling x2  
  60  4:50  Roach, Zergling x4  
  60  4:51  Roach  
  66  4:54  Roach  
  66  4:55  Overlord  
  66  4:57  Overlord  
  66  4:58  Roach  
  70  5:03  Drone, Extractor  
  70  5:07  Drone, Extractor  
  70  5:10  Hydralisk Den  
  70  5:11  Drone x3  
  70  5:13  Pathogen Glands  
  70  5:14  Drone  
  73  5:18  Drone  
  74  5:26  Drone x2  
  76  5:29  Drone x2  
  76  5:35  Hatchery  
  77  5:36  Drone  
  77  5:37  Infestor  
  77  5:40  Overlord  
  80  5:43  Hydralisk x2  
  80  5:44  Hydralisk  
  80  5:48  Evolution Chamber  
  80  5:49  Drone  
  86  5:55  Infestor  
  88  5:58  Roach, Overlord  
  88  6:03  Baneling Nest  
  89  6:04  Drone  
  90  6:12  Spine Crawler  
  90  6:14  Zerg Melee Weapons Level 1  
  90  6:16  Spine Crawler  
  90  6:17  Drone  
  89  6:25  Drone, Spire  
  89  6:43  Overseer, Ravager  
  89  6:45  Roach  
  89  6:47  Baneling x2, Drone x2, Queen  
  92  6:48  Baneling, Drone x4, Overlord  
  92  6:49  Drone x4  
  92  6:50  Drone  
  92  6:51  Baneling  
  92  6:53  Baneling, Drone  
  92  6:54  Baneling, Drone x2  
  107  6:57  Baneling, Drone, Extractor  
  107  6:58  Baneling  
  107  6:59  Drone  
  107  7:00  Baneling  
  107  7:01  Extractor  
  108  7:02  Baneling, Zergling x2  
  108  7:04  Baneling  
  108  7:06  Baneling  
  108  7:08  Overlord  
  109  7:10  Zergling x2  
  109  7:13  Drone  
  111  7:18  Drone x2, Centrifical Hooks  
  111  7:19  Drone x2  
  111  7:22  Drone  
  116  7:23  Hatchery  
  116  7:24  Drone  
  116  7:26  Drone x2, Overlord  
  116  7:27  Baneling x2, Ravager  
  116  7:28  Baneling  
  116  7:29  Baneling, Zergling x2  
  120  7:33  Zergling x2  
  120  7:35  Drone  
  122  7:40  Drone  
  122  7:44  Roach  
  125  7:46  Overlord  
  125  7:50  Mutalisk x3  
  125  7:51  Baneling x2, Zerg Missile Weapons Level 2, Zergling x2  
  132  7:52  Spore Crawler  
  132  7:54  Baneling x2, Drone, Spore Crawler, Zergling x2  
  132  7:55  Drone  
  132  7:56  Mutalisk  
  135  8:01  Mutalisk  
  135  8:04  Overlord  
  137  8:06  Mutalisk  
  137  8:11  Mutalisk  
  141  8:14  Spine Crawler  
  140  8:22  Queen  
  140  8:23  Zerg Ground Armor Level 2, Overlord  
  140  8:25  Spine Crawler  
  140  8:26  Drone  
  142  8:29  Zergling x2  
  142  8:32  Spore Crawler  
  142  8:33  Drone  
  143  8:36  Drone  
  143  8:41  Glial Reconstitution, Pneumatized Carapace  
  144  8:44  Extractor  
  144  8:45  Drone  
  144  8:46  Mutalisk x2  
  144  8:47  Overlord  
  144  8:48  Mutalisk  
  150  8:49  Roach  
  150  8:51  Drone, Hydralisk, Zergling x6  
  150  8:52  Drone  
  157  8:57  Zergling x2  
  157  8:58  Spine Crawler, Zergling x2  
  157  8:59  Drone, Spine Crawler, Zergling x2  
  157  9:00  Drone x3, Mutalisk  
  157  9:01  Drone  
  157  9:02  Spine Crawler  
  137  9:03  Drone  
  137  9:06  Drone  
  137  9:09  Drone  
  129  9:11  Infestor, Zergling x2  
  129  9:16  Drone  
  120  9:17  Hatchery  
  120  9:18  Drone  
  120  9:20  Drone, Zergling x4  
  120  9:21  Drone  
  117  9:24  Extractor  
  117  9:25  Zergling x6  
  117  9:27  Drone  
  117  9:28  Zergling x2  
  117  9:29  Roach, Drone x2  
  96  9:33  Drone  
  96  9:37  Baneling  
  84  9:39  Drone  
  84  9:41  Zergling x2  
  84  9:43  Drone  
  81  9:46  Queen  
  81  9:47  Baneling  
  81  9:48  Drone  
  81  9:51  Drone  
  81  9:52  Baneling, Drone  
  78  9:59  Hydralisk Den  
  73  10:12  Drone  
  73  10:14  Drone  
  75  10:15  Drone  
  75  10:17  Drone  
  75  10:19  Zergling x2  
  75  10:20  Zergling x2  
  65  10:24  Roach  
  65  10:25  Roach  
  52  10:28  Roach, Hydralisk  
  52  10:30  Roach  
  52  10:33  Roach  
  58  10:35  Hydralisk  
  58  10:38  Hydralisk  
  58  10:41  Drone  
  58  10:42  Drone  
  64  10:45  Drone  
  64  10:46  Drone  
  64  10:48  Overseer  
  64  10:51  Drone  
  64  10:53  Roach, Drone, Zergling x2  
  64  10:56  Zergling x2  
  68  10:58  Drone  
  68  11:00  Queen  
  68  11:02  Roach  
  53  11:11  Hatchery  
  40  11:19  Zergling x2  
  40  11:21  Zergling x2  
  30  11:27  Roach  
  25  11:47  Roach Warren  
  13  11:58  Drone x2  
  8  12:43  Hatchery  
Tags
 
Add a new tag
Caveats
  • Supply blocks, unpowered buildings, or Contaminate may cause inaccurate times.
  • Supply counts are checked every 10 seconds.